 Dungeon Crawl Stone Soup version 0.28-a0-1374-ga75cb3825e (webtiles) character file.

Game seed: 9185540465073677208

37 mtoz the Skirmisher (level 3, -2/33 HPs)
             Began as a Minotaur Berserker on Jan 1, 2022.
             Was a Believer of Trog.
             Killed from afar by Sigmund (4 damage)
             ... with a puff of flame
             ... on level 2 of the Dungeon.
             The game lasted 00:05:27 (959 turns).

mtoz the Skirmisher (Minotaur Berserker)             Turns: 959, Time: 00:05:28

Health: -2/33      AC:  6    Str: 23    XL:     3   Next: 23%
Magic:  0/2        EV: 10    Int:  4    God:    Trog [**....]
Gold:   88         SH:  0    Dex:  9    Spells: 2/2 levels left

rFire   . . .      SeeInvis .   a - +0 hand axe
rCold   . . .      Faith    .   (no shield)
rNeg    . . .      Spirit   .   d - +0 scale mail
rPois   .          Reflect  .   (helmet restricted)
rElec   .          Harm     .   (no cloak)
rCorr   .          Rampage  .   (no gloves)
Will    .....                   (no boots)
Stlth   ..........              (no amulet)
HPRegen 0.11/turn               (no ring)
MPRegen 0.08/turn               (no ring)

@: confused, hasted, very quick
A: horns 2, retaliatory headbutt
a: Renounce Religion, Berserk, Trog's Hand


You were on level 2 of the Dungeon.
You worshipped Trog.
Trog was pleased with you.
You visited 1 branch of the dungeon, and saw 2 of its levels.

You collected 88 gold pieces.

Inventory:

Hand Weapons
 a - a +0 hand axe (weapon)
Armour
 d - a +0 scale mail (worn)
Scrolls
 f - a scroll of acquirement
Potions
 c - a potion of curing


   Skills:
 + Level 4.1 Fighting
 + Level 4.1 Axes
 + Level 3.1 Armour
 + Level 2.7 Dodging


You had 2 spell levels left.
You didn't know any spells.
Your spell library was empty.

Dungeon Overview and Level Annotations

Branches:
Dungeon (2/15)

Altars:

Annotations:
D:2 Sigmund


Innate Abilities, Weirdness & Mutations

You have a pair of horns on your head.
You reflexively headbutt those who attack you in melee.


Message History

The bat hits you but does no damage. The bat closely misses you.
You closely miss the bat. Your headbutt misses the bat.
The bat barely misses you. Something hits you but does no damage.
You miss the bat. Your headbutt misses the bat.
The bat hits you but does no damage. Something hits you. The bat hits you.
The bat misses you.
Things that are here:
a +0 short sword; 2 stones; a kobold corpse You completely miss the bat.
Your headbutt misses the bat. You closely miss something.
The bat barely misses you. You furiously retaliate!
You headbutt the bat.
You kill the bat!
Trog accepts your kill. Something hits you!
You feel your power leaking away.
No target in view!
You miss something. Something hits you but does no damage.
You hit something but do no damage. You miss something.
You hear some strange, mumbled words.
A puff of flame appears from out of thin air!
The puff of flame hits you!
You closely miss something.
You hear some strange, mumbled words.
You are confused.
Something hits you.
* * * LOW HITPOINT WARNING * * *
Unknown command.
Okay, then.
You slash something! Your headbutt misses something. Something hits you.
* * * LOW HITPOINT WARNING * * *
You completely miss something. Something hits you.
* * * LOW HITPOINT WARNING * * *
You are too confused!
Unknown command.
You feel yourself speed up.
You hear some strange, mumbled words.
A puff of flame appears from out of thin air!
The puff of flame hits you.
You die...

#..................+
..
#.......#####......# .
###>...## #....#.###
#....####+#.##(######.
#...........##†#......
####........##.....#
#.).......#.....#
#†{.....#.#.....#
#.@.....# #.#.###
#.........#....#
.........###....#
......###### #....#
#....... #....####
#....... #.#......
......#.. #.#......
......#... #....####
#....#..#


There were no monsters in sight!

Vanquished Creatures
  A gnoll (D:1)
  4 bats
  6 endoplasms
  2 goblins (D:1)
  A hobgoblin (D:1)
  3 kobolds
  A quokka (D:2)
  6 ball pythons
  A rat (D:2)
25 creatures vanquished.

Notes
Turn   | Place    | Note
-------+----------+-------------------------------------------
     0 | D:1      | mtoz the Minotaur Berserker began the quest for the Orb.
     0 | D:1      | Reached XP level 1. HP: 19/19 MP: 0/0
     6 | D:1      | Noticed a wolf
     6 | D:1      | Noticed a black bear
     6 | D:1      | Noticed a salamander
     6 | D:1      | Noticed a lindwurm
     6 | D:1      | Noticed a rime drake
   237 | D:1      | Reached XP level 2. HP: 24/27 MP: 1/1
   663 | D:1      | Reached XP level 3. HP: 33/33 MP: 2/2
   736 | D:1      | Identified a scroll of acquirement
   855 | D:2      | Found a faded altar of an unknown god.
   942 | D:2      | Noticed Sigmund
   944 | D:2      | Reached ** piety under Trog
   957 | D:2      | HP: 1/33 [something (4)]
   959 | D:2      | Killed from afar by Sigmund

Illustrated notes

Levels and vault maps discovered:
D:1:      onia_arrival_zoo_common, layout_loops_ring, palyth_stone_intersect
D:2:      layout_basic, ebering_ecumenical_altar_ruins,
          minmay_misc_feat_diagonals, uniq_sigmund

Skill      XL: |  1  2 |
---------------+-------+-----
Fighting       | 4 |  4.1
Axes           | 4 |  4.1
Armour         | 3 |  3.1
Dodging        | |  2.7

Action                   || total
-------------------------++-------
Melee: Hand axe          ||    46
       Headbutt          ||     4
  Use: Potion            ||     2
       Scroll            ||     4
Armor: Scale mail        ||    17
Dodge: Dodged            ||    27

Table legend: (Time is in decaauts)
 A = Elapsed time spent in this place.
 B = Non-inter-level travel time spent in this place.
 C = Inter-level travel time spent in this place.
 D = Time resting spent in this place.
 E = Time spent auto-exploring this place.
 F = Levels seen in this place.
 G = Mean time per level.
                   A        B        C        D        E       F      G
               +--------+--------+--------+--------+--------+-----+--------+
         Total |    963 |    963 |      0 |      0 |    750 |   2 |  481.5 |
       Dungeon |    963 |    963 |      0 |      0 |    750 |   2 |  481.5 |
               +--------+--------+--------+--------+--------+-----+--------+

Top non-repeatable levels by time:
     D:1: 743 daAuts
     D:2: 220 daAuts
